 Dungeon Crawl Stone Soup version 0.17.0-28-g6e173f8 (webtiles) character file.

1876 Glider the Insei (level 9, 0/53 HPs)
             Began as an Octopode Transmuter on Dec 3, 2015.
             Was an Initiate of Ashenzari.
             Slain by a killer bee (5 damage)
             ... on level 8 of the Dungeon.
             The game lasted 00:50:04 (10489 turns).

Glider the Insei (Octopode Transmuter)             Turns: 10489, Time: 00:50:04

Health: 0/53       AC:  1    Str: 13    XL:     9   Next: 14%
Magic:  15/15      EV: 10    Int: 17    God:    Ashenzari [......]
Gold:   157        SH:  0    Dex: 19    Spells: 3 memorised, 10 levels left

rFire  . . .     SeeInvis .       - Unarmed
rCold  . . .     Clarity  .     (no shield)
rNeg   . . .     SustAt   .     (helmet restricted)
rPois  .         Gourm    .     (no amulet)
rElec  .         Spirit   .     C - +4 ring of strength (curse)
rCorr  .         Warding  .     L - +3 ring of dexterity (curse)
rMut   .         Stasis   .     K - +2 ring of intelligence (curse)
MR     .....                    (no ring)
Stlth  ++++......               (no ring)
                                (no ring)
                                (no ring)
                                (no ring)

@: lethally poisoned (0 -> -5), not resistant to hostile enchantments, stealthy
A: almost no armour, amphibious, 8 rings, constrict 8, camouflage 1, gelatinous
body 1
a: Renounce Religion


You were on level 8 of the Dungeon.
You worshipped Ashenzari.
Ashenzari was noncommittal.
You were very hungry.

You visited 2 branches of the dungeon, and saw 10 of its levels.
You also visited: Sewer.

You collected 454 gold pieces.
You spent 297 gold pieces at shops.

Inventory:

Hand Weapons
 f - a +1 short sword of flaming
 N - the +9 halberd "Douf" {holy, rPois rN+ Str+2}
   (You found it on level 8 of the Dungeon)

   It has been blessed by the Shining One to cause great damage to the undead
   and demons.
   It affects your strength (+2).
   It protects you from poison.
   It protects you from negative energy.
Missiles
 a - 96 arrows
 A - 10 poisoned arrows
Armour
 w - a +0 buckler
Jewellery
 C - a cursed +4 ring of strength (left tentacle)
 K - a cursed +2 ring of intelligence (on tentacle)
 L - a cursed +3 ring of dexterity (right tentacle)
 O - an uncursed ring of fire
Wands
 v - a wand of cold (6)
 y - a wand of confusion (48)
 M - a wand of lightning (3)
Scrolls
 g - 2 scrolls of immolation
 l - a scroll of random uselessness {unknown}
 m - 2 scrolls of fear
 n - 2 scrolls of fog
 o - 2 scrolls of recharging
 r - 6 scrolls of teleportation
 s - a scroll of enchant weapon {unknown}
 u - a scroll of curse armour
 z - a scroll of enchant armour {unknown}
 D - a scroll of blinking {unknown}
 I - 2 scrolls of identify
 P - 2 scrolls of curse jewellery
Potions
 d - 2 potions of brilliance
 e - a potion of haste
 h - a potion of magic
 i - 4 potions of curing
 j - 4 potions of resistance
 k - 7 potions of flight
 p - a potion of poison
 q - 2 potions of cancellation
 t - 2 potions of heal wounds
 B - a potion of mutation
 E - a potion of agility
 F - a potion of invisibility
 G - 2 potions of berserk rage
Books
 b - a book of Changes

   Spells                             Type                      Level
   a - Beastly Appendage              Transmutation                1
   b - Sticks to Snakes               Transmutation                2
   c - Spider Form                    Transmutation/Poison         3
   d - Ice Form                       Ice/Transmutation            4
   e - Blade Hands                    Transmutation                5
 Q - a book of Geomancy

   Spells                             Type                      Level
   a - Sandblast                      Earth                        1
   b - Stoneskin                      Transmutation/Earth          2
   c - Passwall                       Transmutation/Earth          3
   d - Stone Arrow                    Conjuration/Earth            3
   e - Petrify                        Transmutation/Earth          4
   f - Lee's Rapid Deconstruction     Earth                        5
Comestibles
 c - 7 bread rations
 x - a fruit
 H - 4 beef jerkies
 J - a meat ration


   Skills:
 - Level 1.0 Fighting
 * Level 4.8 Dodging
 - Level 4.0 Stealth
 - Level 0.6 Shields
 * Level 7.0 Unarmed Combat
 - Level 4.0 Spellcasting
 * Level 6.9 Transmutations
 - Level 2.1 Poison Magic


You had 10 spell levels left.
You knew the following spells:

 Your Spells              Type           Power        Failure   Level  Hunger
a - Beastly Appendage     Trmt           ####..       1%          1    None
b - Sticks to Snakes      Trmt           ####......   1%          2    ##.....
c - Spider Form           Trmt/Pois      ###.......   10%         3    ###....


Dungeon Overview and Level Annotations

Branches:
Dungeon (9/15)             Temple (1/1) D:4
   Lair: D:8-11         Orc: D:9-12

Altars:
Ashenzari
Cheibriados
Dithmenos
Elyvilon
Fedhas
Kikubaaqudgha
Makhleb
Nemelex Xobeh
Okawaru
Qazlal
Ru
Sif Muna
Trog
Vehumet
Yredelemnul
Zin
The Shining One

Shops:
D:5 :=*   D:6 (   D:7 [

Annotations:
D:8 PossumBlood's ghost, novice TrMo
D:9 Tanksenior's ghost, novice DsBe


Innate Abilities, Weirdness & Mutations

You cannot wear most types of armour.
You are amphibious.
You can wear up to eight rings at the same time.
You can use your tentacles to constrict eight enemies at once.
Your skin changes colour to match your surroundings (Stealth).
Your rubbery body absorbs attacks (AC +1).


Message History

Level annotation: PossumBlood's ghost, novice TrMo The killer bee buzzes angrily. 2 killer bees come into view.
You hear an angry buzzing noise.
Found a hardcover book.
Found a stone staircase leading up. 3 killer bees come into view.
There is a stone staircase leading down here.
The killer bee moves out of view.
The killer bee stings you! The killer bee stings you! x2
* * * LOW HITPOINT WARNING * * *
The killer bee misses you. The killer bee barely misses you.
The killer bee misses you.
There is a stone staircase leading up here.
The killer bee misses you. The killer bee stings you!
* * * LOW HITPOINT WARNING * * *
You are lethally poisoned!
The killer bee poisons you! The killer bee closely misses you.
The killer bee stings you.
You die...

#### ##..##
##....##
##y...>.##
#@y....y.#
.. .#
##.......#
.... .#
##...:#....
..... .##
##...y##...
. ... ..##
...y....##
.##.##...
#####y####
....#..(##
...
#.....#..#
## .......#
#


You could see 6 killer bees.

Vanquished Creatures
  A hungry ghost (D:8)
  Edmund (D:5)
  An orc warrior (D:7)
  2 phantoms
  An ogre (D:4)
  An ice beast (D:5)
  A sky beast (D:9)
  A necrophage (D:4)
  3 giant frogs
  A big kobold (D:7)
  2 killer bees (D:9)
  2 crimson imps
  A hound (D:5)
  A jelly (D:5)
  2 orc wizards (D:7)
  An iguana (D:5)
  A centaur skeleton (D:5)
  3 worker ants
  A hound skeleton (D:5)
  7 gnolls
  A worker ant zombie (D:5)
  4 adders
  3 shadow imps
  5 oozes
  An adder zombie (D:7)
  8 worms
  An adder skeleton (D:6)
  6 giant geckos
  17 orcs
  11 bats
  13 giant cockroaches
  5 hobgoblins
  20 jackals
  11 kobolds
  3 quokkas
  4 ball pythons
  5 giant newts
  3 goblins
  A quokka zombie (D:8)
  4 rats
  A bush (D:4)
161 creatures vanquished.

Notes
Turn   | Place    | Note
--------------------------------------------------------------
     0 | D:1      | Glider the Octopode Transmuter began the quest for the Orb.
     0 | D:1      | Reached XP level 1. HP: 13/13 MP: 3/3
   310 | D:1      | Reached XP level 2. HP: 5/18 MP: 5/5
   523 | D:1      | Learned a level 2 spell: Sticks to Snakes
  1013 | D:2      | Reached XP level 3. HP: 15/23 MP: 6/6
  1018 | D:2      | Learned a level 3 spell: Spider Form
  1651 | D:3      | Found a shadowy altar of Dithmenos.
  1661 | D:3      | Found a sparkling altar of Nemelex Xobeh.
  1849 | D:3      | Found a glowing drain.
  1867 | D:3      | Reached skill level 4 in Unarmed Combat
  1930 | Sewer    | Entered a sewer
  1933 | Sewer    | Reached XP level 4. HP: 28/28 MP: 7/7
  2004 | Sewer    | Reached skill level 1 in Poison Magic
  3429 | D:3      | Reached XP level 5. HP: 33/33 MP: 6/8
  4205 | D:4      | Found a staircase to the Ecumenical Temple.
  4232 | Temple   | Entered the Ecumenical Temple
  4536 | Temple   | Became a worshipper of Elyvilon the Healer
  5014 | D:4      | Noticed a necrophage
  5028 | D:5      | Entered Level 5 of the Dungeon
  5070 | D:5      | Found Ehokibar's Book Shoppe.
  5073 | D:5      | Noticed Edmund
  5185 | D:5      | Reached * piety under Elyvilon
  5283 | D:5      | Found Yryllimu's General Store.
  5343 | D:5      | Noticed an ice beast
  5412 | D:5      | Noticed an ice beast
  5633 | D:4      | Found a glowing silver altar of Zin.
  5634 | D:4      | Found a shattered altar of Ashenzari.
  5703 | D:4      | Found a snail-covered altar of Cheibriados.
  5706 | D:4      | Fell from the grace of Elyvilon
  5706 | D:4      | Became a worshipper of Ashenzari the Shackled
  5825 | D:4      | Noticed a phantom
  5854 | D:4      | Noticed an ogre
  6118 | D:4      | Killed an ogre
  6118 | D:4      | Reached XP level 6. HP: 38/38 MP: 6/9
  6169 | D:4      | Killed a phantom
  6169 | D:4      | Reached skill level 5 in Transmutations
  6397 | D:4      | Killed a necrophage
  6397 | D:4      | Reached skill level 1 in Stealth
  6397 | D:4      | Reached XP level 7. HP: 29/41 MP: 6/10
  6537 | D:5      | Found Udegaf's Jewellery Boutique.
  6883 | D:5      | Killed an ice beast
  7032 | D:5      | Found a bloodstained altar of Trog.
  7622 | D:5      | Killed Edmund
  7622 | D:5      | Reached skill level 5 in Unarmed Combat
  7999 | D:5      | Bought a +4 ring of strength for 297 gold pieces
  8123 | D:6      | Reached XP level 8. HP: 46/46 MP: 7/12
  8268 | D:6      | Reached skill level 6 in Transmutations
  8269 | D:6      | Found Esif's Antique Weapon Emporium.
  9138 | D:7      | Found Giloic's Armour Emporium.
 10160 | D:8      | Noticed PossumBlood's ghost (novice TrMo)
 10183 | D:8      | Reached XP level 9. HP: 33/51 MP: 13/15
 10273 | D:8      | Got the halberd "Douf" {holy, rPois rN+ Str+2}
 10456 | D:9      | HP: 1/53 [killer bee (8)]
 10461 | D:9      | Noticed Tanksenior's ghost (novice DsBe)
 10461 | D:9      | Reached skill level 7 in Unarmed Combat
 10489 | D:8      | Slain by a killer bee

Action                   |  1- 3 |  4- 6 |  7- 9 || total
-------------------------+-------+-------+-------++-------
Melee: Short sword       |    71 |   196 |    43 ||   310
       Unarmed           |     9 |     9 |   199 ||   217
 Cast: Beastly Appendage |       |     3 |     1 ||     4
       Spider Form       |       |     2 |    21 ||    23
       Sticks to Snakes  |       |     1 |       ||     1
  Use: Scroll            |       |     7 |    14 ||    21
       Potion            |       |     1 |     4 ||     5
 Stab: Sleeping          |    11 |    11 |     4 ||    26
  Eat: Chunk             |     3 |     8 |    11 ||    22
       Meat ration       |       |     1 |       ||     1
       Beef jerky        |       |       |     3 ||     3
       Fruit             |       |       |     2 ||     2
